 Dungeon Crawl Stone Soup version 0.31.0-12-g77e489cdc1 (webtiles) character file.

Game seed: 13282265505734629229

48 DildoBatman the Conjurer (level 4, 0/32 HPs)
             Began as a Formicid Conjurer on Feb 12, 2024.
             Slain by an endoplasm (2 damage)
             ... on level 2 of the Dungeon.
             The game lasted 00:02:56 (1068 turns).

DildoBatman the Conjurer (Formicid Conjurer)        Turns: 1068, Time: 00:02:57

Health: 0/32       AC:  3    Str: 12    XL:     4   Next: 0%
Magic:  7/7        EV: 12    Int: 19    God:
Gold:   78         SH:  0    Dex: 12    Spells: 5/8 levels left

rFire   . . .        f - +0 sling
rCold   . . .        (no shield)
rNeg    . . .        a - +0 robe
rPois   +            (helmet unavailable)
rElec   .            (no cloak)
rCorr   +            (no gloves)
SInv    +            l - +0 pair of boots
Will    .....        (no amulet)
Stlth   ++           c - ring of resist corrosion
HPRegen 0.25/turn    h - ring of poison resistance
MPRegen 0.10/turn

%: no passive effects
@: no status effects
A: permanent stasis, dig shafts and tunnels, antennae 3, four strong arms
a: Dig, Shaft Self


You were on level 2 of the Dungeon.
You visited 1 branch of the dungeon, and saw 2 of its levels.

You collected 78 gold pieces.

Inventory:

Hand Weapons
 d - a +0 spear
 f - a +0 sling (weapon)
Missiles
 g - 8 stones
 p - 2 poisoned darts
Armour
 a - a +0 robe (worn)
 l - a +0 pair of boots (worn)
Jewellery
 c - a ring of resist corrosion (left hand)
 h - a ring of poison resistance (right hand)
 i - a ring of ice
Scrolls
 e - 2 scrolls of identify {unknown}
 m - 4 scrolls of teleportation {unknown}
 n - a scroll of vulnerability {unknown}
 o - a scroll of blinking {unknown}
 q - a scroll of fear {unknown}
Potions
 b - a potion of magic
 j - 4 potions of curing {unknown}
 k - a potion of might {unknown}


   Skills:
 + Level 1.3 Fighting
 + Level 1.1 Armour
 + Level 2.1 Dodging
 + Level 3.0 Stealth
 + Level 2.5 Spellcasting
 + Level 3.8 Conjurations


You had 5 spell levels left.
You knew the following spells:

 Your Spells              Type           Power      Damage    Failure   Level
a - Searing Ray           Conj           34%        2d5       4%          2
c - Magic Dart            Conj           68%        1d6       3%          1

Your spell library contained the following spells:

 Spells                   Type           Power      Damage    Failure   Level
 Fulminant Prism          Conj/Alch      4%         3d5       58%         4
 Iskenderun's Mystic Bla  Conj/Tloc      9%         2d4       58%         4


Dungeon Overview and Level Annotations

Branches:
Dungeon (2/15)

Altars:


Innate Abilities, Weirdness & Mutations

You cannot be hasted, slowed, berserked, paralysed or teleported.
You can dig through walls and to a lower floor.
You have a pair of large antennae on your head. (SInv)
Your four strong arms can wield two-handed weapons with a shield.


Message History

Orders for allies: a - Attack new target. r - Retreat! s - Stop attacking. g - Guard the area. f - Follow me.
Anything else - Cancel.
You shout for attention!
The endoplasm hits you but does no damage.
The frilled lizard bites you but does no damage.
The quokka bites you. What are your orders? t - Shout!
Orders for allies: a - Attack new target. r - Retreat! s - Stop attacking. g - Guard the area. f - Follow me.
Anything else - Cancel.
You shout for attention!
The endoplasm hits you but does no damage.
The frilled lizard barely misses you. The quokka bites you.
What are your orders? t - Shout!
Orders for allies: a - Attack new target. r - Retreat! s - Stop attacking. g - Guard the area. f - Follow me.
Anything else - Cancel.
You shout for attention!
The endoplasm freezes you.
You are frozen.
The frilled lizard barely misses you. The quokka barely misses you.
What are your orders? t - Shout!
Orders for allies: a - Attack new target. r - Retreat! s - Stop attacking. g - Guard the area. f - Follow me.
Anything else - Cancel.
You shout for attention!
The quokka twitches its whiskers.
The quokka barely misses you. The endoplasm hits you.
You die...

.......# .......'
. .......# ..
.......# #.
.......# #.
.......#
#.########..
.......+
#..l........
.......#
#..J@r.....#
########
#........$.. #...
#...........
####+##
###'#####...
....... #..## ##
....... ##..##
....... ##..###
.......
##...#########+##
###.......###+#.


You could see an endoplasm, a quokka and a frilled lizard.

Vanquished Creatures
  An adder (D:2)
  2 dart slugs (D:1)
  4 endoplasms (D:1)
  A giant cockroach (D:1)
  4 goblins
  5 hobgoblins (D:1)
  7 kobolds
  2 quokkas (D:1)
  4 bats
  A rat (D:1)
31 creatures vanquished.

Notes
Turn   | Place    | Note
-------+----------+-------------------------------------------
     0 | D:1      | DildoBatman the Formicid Conjurer began the quest for the
                  | Orb.
     0 | D:1      | Reached XP level 1. HP: 13/13 MP: 3/3
   134 | D:1      | Reached XP level 2. HP: 15/20 MP: 1/5
   137 | D:1      | Learned a level 2 spell: Searing Ray
   438 | D:1      | Reached skill level 1 in Fighting
   438 | D:1      | Reached XP level 3. HP: 26/26 MP: 3/6
   670 | D:1      | Reached skill level 1 in Armour
  1044 | D:2      | Reached XP level 4. HP: 32/32 MP: 7/7
  1068 | D:2      | Slain by an endoplasm

Illustrated notes

Levels and vault maps discovered:
D:1:      dpeg_arrival_rooms_with_view, layout_loops_ring,
          minmay_misc_feat_secret_circle, nrook_loot_triangle
D:2:      layout_basic

Skill      XL: |  1  2  3 |
---------------+----------+-----
Dodging        | 2 |  2.1
Fighting       | 1 |  1.3
Armour         | 1 |  1.1
Stealth        | 3 |  3.0
Spellcasting   | |  2.5
Conjurations   | |  3.8

Action                     |  1- 3 |  4- 6 || total
---------------------------+-------+-------++-------
  Melee: Spear             |     1 |       ||     1
   Fire: Sling             |    59 |       ||    59
   Cast: Magic Dart        |    39 |       ||    39
         Searing Ray       |     2 |       ||     2
 Armour: Robe              |    11 |    20 ||    31
  Dodge: Dodged            |    17 |    25 ||    42
